 Dungeon Crawl Stone Soup version 0.23.2-40-g277498a001 (webtiles) character file.

Game seed: 11307593737884403283

346 Emblim88 the Protected (level 6, -6/76 HPs)
             Began as a Gnoll Wanderer on Sept 28, 2019.
             Mangled by an orc priest
             ... wielding a +2 whip of electrocution
              (17 damage)
             ... on level 4 of the Dungeon.
             The game lasted 00:07:04 (2828 turns).

Emblim88 the Protected (Gnoll Wanderer)             Turns: 2828, Time: 00:07:04

Health: -6/76      AC: 23    Str: 12 (13) XL:     6   Next: 59%
Magic:  9/9        EV:  2    Int: 16 (18) God:
Gold:   114        SH:  0    Dex: 16 (19) Spells: 9/9 levels left

rFire    . . .     SeeInvis +   a - +2 hand crossbow
rCold    . . .     Gourm    .   (no shield)
rNeg     + + +     Faith    +   (armour currently unavailable)
rPois    +         Spirit   .   (helmet currently unavailable)
rElec    .         Reflect  .   (cloak currently unavailable)
rCorr    .         Harm     .   (gloves currently unavailable)
MR       .....     NoTele   +   (boots currently unavailable)
Stlth    +++.......             v - amulet of faith
HPRegen  0.22/turn              p - ring of see invisible (curse)
MPRegen  0.11/turn              (no ring)

@: agile, tree-form
A: distributed training, strong nose
a: no special abilities


You were on level 4 of the Dungeon.
You were not hungry.
You were a tree.
You visited 1 branch of the dungeon, and saw 4 of its levels.

You collected 114 gold pieces.

Inventory:

Hand Weapons
 a - a +2 hand crossbow (weapon)
 c - a +0 mace
 d - a +0 hand axe
 m - a +0 hunting sling
 t - a +0 falchion
 y - a +1 short sword of venom
Missiles
 b - 11 bolts (quivered)
 u - 154 stones
 x - 17 poisoned needles
 C - 5 poisoned tomahawks
Armour
 e - a +0 robe
 l - a scarf of repulsion (melded)
 n - a +0 scale mail (melded)
Jewellery
 p - a cursed ring of see invisible (left branch)
 v - an amulet of faith (around neck)
Scrolls
 g - 2 scrolls of magic mapping {unknown}
 i - 5 scrolls of identify {unknown}
 j - 2 scrolls of random uselessness {unknown}
 o - 3 scrolls of fog {unknown}
 r - a scroll of blinking {unknown}
 z - 2 scrolls of remove curse {unknown}
 D - a scroll of teleportation {unknown}
Potions
 h - a potion of brilliance {unknown}
 k - a potion of heal wounds {unknown}
 q - a potion of curing {unknown}
 s - a potion of agility
 w - a potion of invisibility {unknown}
 B - a potion of mutation {unknown}
 E - a potion of lignification
 F - a potion of cancellation {unknown}
Comestibles
 f - 9 rations


   Skills:
 + Level 5.0 Fighting
 + Level 2.0 Short Blades
 + Level 2.0 Long Blades
 + Level 3.2 Axes
 + Level 2.0 Maces & Flails
 + Level 2.0 Polearms
 + Level 2.0 Staves
 + Level 2.0 Slings
 + Level 2.0 Bows
 + Level 3.2 Crossbows
 + Level 2.0 Throwing
 + Level 8.7 Armour
 + Level 2.0 Dodging
 + Level 2.0 Stealth
 + Level 3.2 Shields
 + Level 2.0 Unarmed Combat
 + Level 2.0 Spellcasting
 + Level 1.5 Conjurations
 + Level 1.5 Hexes
 + Level 1.5 Charms
 + Level 1.5 Summonings
 + Level 1.5 Necromancy
 + Level 1.5 Translocations
 + Level 1.5 Transmutations
 + Level 1.5 Fire Magic
 + Level 1.5 Ice Magic
 + Level 1.5 Air Magic
 + Level 1.5 Earth Magic
 + Level 1.5 Poison Magic
 + Level 2.2 Invocations
 + Level 3.2 Evocations


You had 9 spell levels left.
You didn't know any spells.
Your spell library was empty.

Dungeon Overview and Level Annotations

Branches:
Dungeon (4/15)
 Temple: D:4-7

Altars:
Xom


Innate Abilities, Weirdness & Mutations

Your experience applies equally to all skills.
((You have very sharp teeth.))
Your uncanny sense of smell can sniff out nearby items.


Message History

Really attack while wielding your +2 hand crossbow? [Y]es or [N]o only, please.
Really attack while wielding your +2 hand crossbow?
You clumsily bash the orc priest but do no damage.
The orc priest is moderately wounded.
The orc priest barely misses you. The orc hits you but does no damage.
You closely miss the orc priest.
The orc priest is moderately wounded.
The orc priest hits you with a +2 whip of electrocution.
* * * LOW HITPOINT WARNING * * *
You are electrocuted!
* * * LOW HITPOINT WARNING * * *
The orc hits you but does no damage.
The orc priest hits you but does no damage.
You clumsily bash the orc priest but do no damage.
The orc priest is moderately wounded.
The orc hits you but does no damage.
The orc priest hits you but does no damage.
You are electrocuted!
You die...

#######.###.#
$....(............
#
....#######.####.
#...#.# ####.# #.
#.#..% #....#####
:... +........)
##(######...)..###
#oo.....#...##.#
#♣......†...##...
#.......).<.##....
########....##....
#....)##....
#.....##.... ∆
####..#####....
#........#
....######.# ##. #


You could see an orc priest and an orc.

Vanquished Creatures
  A hound (D:4)
  3 orc wizards
  2 iguanas
  A worker ant zombie (D:2)
  5 adders
  3 oozes
  2 worms
  A dart slug (D:2)
  16 orcs
  9 bats
  4 giant cockroaches
  17 goblins
  7 hobgoblins
  8 kobolds
  3 frilled lizards
  A leopard gecko zombie (D:3)
  8 rats
91 creatures vanquished.

Notes
Turn   | Place    | Note
-------+----------+-------------------------------------------
     0 | D:1      | Emblim88 the Gnoll Wanderer began the quest for the Orb.
     0 | D:1      | Emblim88 set off with the following items: a +2 hand
                  | crossbow, 26 bolts, a +0 mace, a +0 hand axe, a +0 robe, a
                  | ration
     0 | D:1      | Reached XP level 1. HP: 20/20 MP: 2/2
    64 | D:1      | Reached XP level 2. HP: 26/26 MP: 3/3
   292 | D:1      | Reached XP level 3. HP: 31/31 MP: 4/4
   670 | D:2      | Reached skill level 1 in Invocations
   752 | D:2      | Found a shimmering altar of Xom.
   753 | D:2      | Found a shimmering altar of Xom.
   755 | D:2      | Found a shimmering altar of Xom.
   755 | D:2      | Found a shimmering altar of Xom.
   757 | D:2      | Reached skill level 1 in Short Blades
   757 | D:2      | Reached skill level 1 in Long Blades
   757 | D:2      | Reached skill level 1 in Maces & Flails
   757 | D:2      | Reached skill level 1 in Polearms
   757 | D:2      | Reached skill level 1 in Staves
   757 | D:2      | Reached skill level 1 in Slings
   757 | D:2      | Reached skill level 1 in Bows
   757 | D:2      | Reached skill level 1 in Throwing
   757 | D:2      | Reached skill level 1 in Dodging
   757 | D:2      | Reached skill level 1 in Stealth
   757 | D:2      | Reached skill level 1 in Unarmed Combat
   757 | D:2      | Reached skill level 1 in Spellcasting
   757 | D:2      | Reached XP level 4. HP: 34/38 MP: 4/6
   760 | D:2      | Found a shimmering altar of Xom.
  1057 | D:2      | Reached skill level 1 in Conjurations
  1057 | D:2      | Reached skill level 1 in Hexes
  1057 | D:2      | Reached skill level 1 in Charms
  1057 | D:2      | Reached skill level 1 in Summonings
  1057 | D:2      | Reached skill level 1 in Necromancy
  1057 | D:2      | Reached skill level 1 in Translocations
  1057 | D:2      | Reached skill level 1 in Transmutations
  1057 | D:2      | Reached skill level 1 in Fire Magic
  1057 | D:2      | Reached skill level 1 in Ice Magic
  1057 | D:2      | Reached skill level 1 in Air Magic
  1057 | D:2      | Reached skill level 1 in Earth Magic
  1057 | D:2      | Reached skill level 1 in Poison Magic
  1413 | D:2      | Reached XP level 5. HP: 43/43 MP: 7/7
  2278 | D:3      | Reached XP level 6. HP: 50/50 MP: 8/8
  2708 | D:4      | Reached skill level 5 in Fighting
  2828 | D:4      | Mangled by an orc priest

Skill      XL: |  1  2  3  4  5  6 |
---------------+-------------------+-----
Invocations    | 1 2 |  2.2
Short Blades   | 1 2 |  2.0
Long Blades    | 1 2 |  2.0
Maces & Flails | 1 2 |  2.0
Polearms       | 1 2 |  2.0
Staves         | 1 2 |  2.0
Slings         | 1 2 |  2.0
Bows           | 1 2 |  2.0
Throwing       | 1 2 |  2.0
Dodging        | 1 2 |  2.0
Stealth        | 1 2 |  2.0
Unarmed Combat | 1 2 |  2.0
Spellcasting   | 1 2 |  2.0
Conjurations   | 1 |  1.5
Hexes          | 1 |  1.5
Charms         | 1 |  1.5
Summonings     | 1 |  1.5
Necromancy     | 1 |  1.5
Translocations | 1 |  1.5
Transmutations | 1 |  1.5
Fire Magic     | 1 |  1.5
Ice Magic      | 1 |  1.5
Air Magic      | 1 |  1.5
Earth Magic    | 1 |  1.5
Poison Magic   | 1 |  1.5
Axes           | 3 |  3.2
Crossbows      | 3 |  3.2
Shields        | 3 |  3.2
Evocations     | 3 |  3.2
Fighting       | 5 |  5.0
Armour         | |  8.7

Action                   |  1- 3 |  4- 6 || total
-------------------------+-------+-------++-------
Melee: Hand crossbow     |       |     3 ||     3
 Fire: Hand crossbow     |    82 |   147 ||   229
  Use: Potion            |       |     3 ||     3
  Eat: Chunk             |       |     2 ||     2
       Ration            |       |     1 ||     1
Armor: Robe              |     2 |       ||     2
       Scale mail        |     9 |    19 ||    28
       Skin              |       |     7 ||     7
Dodge: Dodged            |    21 |    20 ||    41
       Deflected         |       |     3 ||     3
